 Dungeon Crawl Stone Soup version 0.28-a0-1212-gc6b4282bc0 (webtiles) character file.

Game seed: 13905699936345955766

20 ChaosChampion the Skirmisher (level 3, -9/29 HPs)
             Began as a Formicid Abyssal Knight on Dec 21, 2021.
             Was a Follower of Lugonu.
             Mangled by an ogre (17 damage)
             ... on level 2 of the Dungeon.
             The game lasted 00:01:53 (1723 turns).

ChaosChampion the Skirmisher (FoAK)                 Turns: 1723, Time: 00:01:54

Health: -9/29      AC:  3    Str: 19    XL:     3   Next: 0%
Magic:  5/5        EV: 11    Int:  9    God:    Lugonu [*.....]
Gold:   45         SH:  0    Dex: 11    Spells: 2/2 levels left

rFire   . . .      SeeInvis +   a - +1 spear
rCold   . . .      Faith    .   (no shield)
rNeg    . . .      Spirit   .   b - +0 leather armour
rPois   .          Reflect  .   (helmet unavailable)
rElec   .          Harm     .   (no cloak)
rCorr   .          Rampage  .   (no gloves)
Will    .....                   (no boots)
Stlth   +.........              (no amulet)
HPRegen 0.09/turn               (no ring)
MPRegen 0.09/turn               (no ring)

@: no status effects
A: permanent stasis, dig shafts and tunnels, antennae 3, four strong arms
a: Dig, Shaft Self, Renounce Religion, Depart the Abyss


You were on level 2 of the Dungeon.
You worshipped Lugonu.
Lugonu was aware of your devotion.
You visited 1 branch of the dungeon, and saw 2 of its levels.
You visited the Abyss 1 time.

You collected 45 gold pieces.

Inventory:

Hand Weapons
 a - a +1 spear (weapon)
Armour
 b - a +0 leather armour (worn)
Scrolls
 c - 3 scrolls of identify {unknown}
 e - a scroll of enchant weapon {unknown}
Potions
 d - a potion of haste {unknown}
 f - a potion of degeneration {unknown}


   Skills:
 + Level 3.6 Fighting
 + Level 2.3 Polearms
 + Level 2.6 Armour
 - Level 0.8 Dodging
 + Level 2.6 Invocations


You had 2 spell levels left.
You didn't know any spells.
Your spell library contained the following spells:

 Spells                   Type           Power      Damage    Failure   Level
 Beastly Appendage        Tmut           0%         N/A       43%         1
 Wereblood                Tmut           0%         N/A       58%         2
 Eringya's Noxious Bog    Tmut/Pois      0%         N/A       100%        6


Dungeon Overview and Level Annotations

Branches:
Dungeon (2/15)

Altars:


Innate Abilities, Weirdness & Mutations

You cannot be hasted, slowed, berserked, paralysed or teleported.
You can dig through walls and to a lower floor.
You have a pair of large antennae on your head. (SInv)
Your four strong arms can wield two-handed weapons with a shield.


Message History

The worm closely misses you.
You puncture the worm!
You kill the worm!
Lugonu accepts your kill.
You have reached level 3!
Your experience leads to an increase in your attributes!
Increase (S)trength, (I)ntelligence, or (D)exterity?
You feel stronger. x2
Magic restored.
f - a lumpy amethyst potion
Found a stone staircase leading down.
No target in view!
You now have 45 gold pieces (gained 10).
An ogre comes into view. It is wielding a +0 giant club.
The ogre shouts!
An ogre is nearby!
An ogre is nearby!
An ogre is nearby!
You reach to attack!
You puncture the ogre!
The ogre is moderately wounded.
You reach to attack!
You hit the ogre.
The ogre is heavily wounded.
You hit the ogre.
The ogre is severely wounded.
The ogre closely misses you.
You hit the ogre but do no damage.
The ogre is severely wounded.
The ogre barely misses you.
You barely miss the ogre.
The ogre is severely wounded.
The ogre hits you with a +0 giant club!!
Ouch! That really hurt!
* * * LOW HITPOINT WARNING * * *
You are too injured to fight recklessly!
You are too injured to fight recklessly!
You barely miss the ogre.
The ogre is severely wounded.
The ogre hits you with a +0 giant club!
Ouch! That really hurt!
You die...

).. #.. .#.# #.##..#.#.##
#.###########.##.(#....
.......:...........##.#
......#.#..#.##...##.#
.#......@O...##......####
..>...#.#..####.........#
#.#.......####.....)†...
#.#....##........#####.#
#.#....##..###.#.# #<#
#.#...###..###.#.# #.#
##.#.#####......#.# #.#
##....#...##.##..#.# #.#
...###.......#..#.##..#.#
#.#


You could see an ogre.

Vanquished Creatures
  2 worms
  3 goblins
  A hobgoblin (D:1)
  A quokka (D:1)
  A ball python (D:1)
  A bat (D:2)
  A frilled lizard (D:2)
  4 kobolds
  A rat (D:1)
15 creatures vanquished.

Notes
Turn   | Place    | Note
-------+----------+-------------------------------------------
     0 | Abyss:1  | ChaosChampion the Formicid Abyssal Knight began the quest
                  | for the Orb.
     0 | Abyss:1  | Reached XP level 1. HP: 18/18 MP: 2/2
   360 | Abyss:1  | Noticed a large abomination
   373 | Abyss:1  | Noticed a large abomination
   375 | D:1      | Escaped the Abyss
   401 | D:1      | Got the Compendium of Changing
   685 | D:1      | Reached XP level 2. HP: 8/24 MP: 3/3
  1566 | D:2      | Reached * piety under Lugonu
  1627 | D:2      | Reached XP level 3. HP: 22/29 MP: 3/5
  1716 | D:2      | Noticed an ogre
  1723 | D:2      | Mangled by an ogre

Illustrated notes

Levels and vault maps discovered:
D:1:      amcnicky_arrival_wind_blow, layout_basic, nicolae_wormholes
D:2:      layout_loops_ring, serial_shops, nicolae_shop_hallway_plus

Action                   || total
-------------------------++-------
Melee: Spear             ||    60
Invok: Depart the Abyss  ||     1
 Abil: Dig               ||     7
Armor: Leather armour    ||     1
Dodge: Dodged            ||    21

Table legend: (Time is in decaauts)
 A = Elapsed time spent in this place.
 B = Non-inter-level travel time spent in this place.
 C = Inter-level travel time spent in this place.
 D = Time resting spent in this place.
 E = Time spent auto-exploring this place.
 F = Levels seen in this place.
 G = Mean time per level.
                   A        B        C        D        E       F      G
               +--------+--------+--------+--------+--------+-----+--------+
         Total |   1723 |   1690 |     33 |    311 |   1194 |   3 |  574.3 |
       Dungeon |   1347 |   1314 |     33 |      0 |   1194 |   2 |  673.5 |
         Abyss |    376 |    376 |      0 |    311 |      0 |   1 |  376.0 |
               +--------+--------+--------+--------+--------+-----+--------+

Top non-repeatable levels by time:
     D:1: 1188 daAuts
 Abyss:1: 376 daAuts
     D:2: 158 daAuts
